Workbook
Name REF: 'TABL JPM'!$A$2:$A$800

Sheet TABL JPM
A1: SIRENAGE | B1: RSL | C1: proposition
A2: 37322062 | B2: FONCIA CGI | C2: OK
A3: 56807746 | B3: FONCIA LE PHARE | C3: OK
A4: 58801481 | B4: BANQUE POPULAIRE MEDITERRANEE | C4: OK
A5: 64502636 | B5: ATOS INFOGERANCE | C5: PROPOSITION N4DS
A6: 64800105 | B6: FONCIA VIEUX PORT | C6: OK
A7: 67803916 | B7: FONCIA SAGI | C7: OK
A8: 73804619 | B8: FONCIA PRADO | C8: OK
A9: 86280393 | B9: SAS JOHN DEERE | C9: DOUTE
A10: 95781365 | B10: FONCIA BOUSSARD | C10: OK
A11: 130002280 | B11: CCIR LIMOUSIN | C11: DOUTE
A12: 130002298 | B12: CCIR POITOU CHARENTES | C12: PROPOSITION N4DS
A13: 130003304 | B13: CCI LITTORAL NORMAND-PICARD | C13: OK
... A747: 999990369 | B747: ECOFI INVESTISSEMENTS | C747: OK

Sheet EXTRACTION 2016
A1: Siren | B1: info JPM
A2: 58801481 | B2: =IFERROR(VLOOKUP(A2,'TABL JPM'!$A$1:$C$747,3,0),"") -> OK
A3: 67803916 | B3: =IFERROR(VLOOKUP(A3,'TABL JPM'!$A$1:$C$747,3,0),"") -> OK
A4: 56807746 | B4: =IFERROR(VLOOKUP(A4,'TABL JPM'!$A$1:$C$747,3,0),"") -> OK
A5: 67803916 | B5: =IFERROR(VLOOKUP(A5,'TABL JPM'!$A$1:$C$747,3,0),"") -> OK
A6: 451367072 | B6: =IFERROR(VLOOKUP(A6,'TABL JPM'!$A$1:$C$747,3,0),"") -> PROPOSITION N4DS
A7: 790176234 | B7: =IFERROR(VLOOKUP(A7,'TABL JPM'!$A$1:$C$747,3,0),"") -> OK
A8: 969202241 | B8: =IFERROR(VLOOKUP(A8,'TABL JPM'!$A$1:$C$747,3,0),"") -> DECISION
A9: 73804619 | B9: =IFERROR(VLOOKUP(A9,'TABL JPM'!$A$1:$C$747,3,0),"") -> OK
A10: 429651441 | B10: =IFERROR(VLOOKUP(A10,'TABL JPM'!$A$1:$C$747,3,0),"") -> OK
A11: 337680342 | B11: =IFERROR(VLOOKUP(A11,'TABL JPM'!$A$1:$C$747,3,0),"") -> DECISION
A12: 384402871 | B12: =IFERROR(VLOOKUP(A12,'TABL JPM'!$A$1:$C$747,3,0),"") -> OK
A13: 431373471 | B13: =IFERROR(VLOOKUP(A13,'TABL JPM'!$A$1:$C$747,3,0),"") -> OK
... A18: 56807746 | B18: =IFERROR(VLOOKUP(A18,'TABL JPM'!$A$1:$C$747,3,0),"") -> OK
B19: =IFERROR(VLOOKUP(A19,'TABL JPM'!$A$1:$C$747,3,0),"")
B20: =IFERROR(VLOOKUP(A20,'TABL JPM'!$A$1:$C$747,3,0),"")
B21: =IFERROR(VLOOKUP(A21,'TABL JPM'!$A$1:$C$747,3,0),"")
B22: =IFERROR(VLOOKUP(A22,'TABL JPM'!$A$1:$C$747,3,0),"")
B23: =IFERROR(VLOOKUP(A23,'TABL JPM'!$A$1:$C$747,3,0),"")
B24: =IFERROR(VLOOKUP(A24,'TABL JPM'!$A$1:$C$747,3,0),"")
